 Dungeon Crawl Stone Soup version 0.31-a0-365-gcf821cafb2 (webtiles) character file.

Game seed: 7539400755328464570

396 lunkers the Grappler (level 7, -3/52 HPs)
             Began as a Meteoran Shapeshifter on July 27, 2023.
             Slain by an ufetubus (4 damage)
             ... summoned by Eustachio
             ... on level 5 of the Dungeon.
             The game lasted 00:03:33 (1634 turns).

lunkers the Grappler (Meteoran Shapeshifter)        Turns: 1634, Time: 00:03:33

Health: -3/52      AC:  5    Str: 18    XL:     7   Next: 31%
Magic:  8/8        EV: 11    Int:  9    God:
Gold:   124        SH:  4    Dex: 16    Spells: 4/6 levels left

rFire   . .          .
                       - Unarmed
rCold   . . .        g - +0 buckler
rNeg    . . .        e - +0 ring mail
rPois   .            (helmet currently unavailable)
rElec   .            (cloak currently unavailable)
rCorr   .            (gloves currently unavailable)
SInv    .            (boots currently unavailable)
Will    .....        (no amulet)
Stlth   +            (no ring)
HPRegen 0.28/turn    (no ring)
MPRegen 0.11/turn

%: no passive effects
@: beast-form, glowing
A: beast (slay +2), sense surroundings 1, otherworldly, glowing, explore regen
a: Begin Untransformation


You were on level 5 of the Dungeon.
You were a hulking beast.
You visited 1 branch of the dungeon, and saw 5 of its levels.

You collected 124 gold pieces.

Inventory:

Armour
 a - a +0 animal skin
 e - a +0 ring mail (worn)
 g - a +0 buckler (worn)
Talismans
 c - a beast talisman
Wands
 l - a wand of roots (4)
Scrolls
 b - a scroll of silence {unknown}
 d - a scroll of blinking {unknown}
 h - a scroll of revelation {unknown}
 i - a scroll of identify {unknown}
 m - 2 scrolls of amnesia {unknown}
 n - a scroll of fog {unknown}
 o - 2 scrolls of teleportation {unknown}
 p - a scroll of immolation {unknown}
 s - a scroll of vulnerability {unknown}
Potions
 f - 2 potions of brilliance {unknown}
 j - a potion of haste {unknown}
 k - a potion of curing {unknown}
 q - a potion of invisibility {unknown}
 r - a potion of attraction {unknown}


   Skills:
 - Level 1.1 Fighting
 - Level 2.4 Dodging
 + Level 9.0 Unarmed Combat
 - Level 3.6 Shapeshifting


You had 4 spell levels left.
You knew the following spells:

 Your Spells              Type           Power      Damage    Failure   Level
p - Blink                 Tloc           0%         N/A       82%         2

Your spell library contained the following spells:

 Spells                   Type           Power      Damage    Failure   Level
 Magic Dart               Conj           0%         1d3       67%         1
 Call Imp                 Summ           0%         N/A       82%         2
 Mephitic Cloud           Conj/Pois/Air  0%         N/A       96%         3
 Cause Fear               Hex            0%         N/A       100%        4
 Manifold Assault         Tloc           0%         N/A       100%        4
 Fireball                 Conj/Fire      0%         3d3       100%        5
 Dragon's Call            Summ           0%         N/A       100%        9


Dungeon Overview and Level Annotations

Branches:
Dungeon (5/15) Zot: 1379
 Temple: D:4-7

Altars:
Vehumet
The Shining One

Annotations:
D:5 3 runed translucent doors, Eustachio; mdonais's ghost, novice OpSh


Innate Abilities, Weirdness & Mutations

You are a hulking beast.
Your limbs bulge with bestial killing power. (Slay +2)
You passively map a small area around you.
You are easily found by Zot.
You glow in the dark.
You regain HP and MP as you explore.


Message History

You hit the crimson imp.
The crimson imp is heavily wounded.
You block the ufetubus's attack. The ufetubus misses you.
The ufetubus hits you.
* * * LOW HITPOINT WARNING * * *
The ufetubus hits you but does no damage.
The crimson imp hits you.
* * * LOW HITPOINT WARNING * * *
You barely miss the crimson imp.
The crimson imp is moderately wounded.
The ufetubus hits you but does no damage.
The ufetubus barely misses you. The ufetubus closely misses you.
The ufetubus completely misses you. The crimson imp closely misses you.
You punch the crimson imp!
You kill the crimson imp!
The crimson imp disappears in a puff of smoke!
The ufetubus hits you.
* * * LOW HITPOINT WARNING * * *
The ufetubus hits you.
* * * LOW HITPOINT WARNING * * *
The ufetubus closely misses you. The ufetubus completely misses you.
The ufetubus barely misses you. x2; You block the ufetubus's attack.
The ufetubus misses you.
You hit the ufetubus.
The ufetubus is moderately wounded.
The adder barely misses you. The ufetubus barely misses you.
You block the ufetubus's attack.
The ufetubus hits you but does no damage.
The ufetubus hits you.
* * * LOW HITPOINT WARNING * * *
You punch the adder!
You kill the adder!
The ufetubus barely misses you. The ufetubus hits you.
* * * LOW HITPOINT WARNING * * *
The ufetubus barely misses you. The ufetubus closely misses you.
Your Unarmed Combat skill increases to level 9!
You barely miss the ufetubus.
The ufetubus is moderately wounded.
The ufetubus hits you.
You die...

......................##
#............####....#
#....##..#...##....... ,
#.....####...........
..#.....#.............
#...................#. ,
#ยง..................# ,
#........55..........#*
...##.....h.....#.....
##.......#..###.##....
#....#.#####**..#... *
....#### *, .. ...# ,
#..* * ,,


You could see 2 ufetubi.

Vanquished Creatures
  A phantom (D:3)
  A scorpion (D:5)
  2 jellies (D:5)
  A sleepcap (D:5)
  An iguana (D:5)
  2 orc wizards (D:4)
  A gnoll (D:1)
  3 adders
  3 worms
  2 dart slugs
  8 orcs (D:4)
  A bat (D:1)
  3 endoplasms
  2 giant cockroaches
  4 goblins
  3 hobgoblins
  4 jackals (D:5)
  2 quokkas
  4 ball pythons
  2 frilled lizards
  4 kobolds
  A rat (D:3)
55 creatures vanquished.

Notes
Turn   | Place    | Note
-------+----------+-------------------------------------------
     0 | D:1      | lunkers the Meteoran Shapeshifter began the quest for the
                  | Orb.
     0 | D:1      | Reached XP level 1. HP: 16/16 MP: 2/2
    14 | D:1      | Reached skill level 4 in Unarmed Combat
    14 | D:1      | Reached XP level 2. HP: 23/23 MP: 3/3
   441 | D:2      | Reached XP level 3. HP: 20/28 MP: 4/4
   486 | D:2      | Reached skill level 5 in Unarmed Combat
   574 | D:2      | Reached XP level 4. HP: 35/35 MP: 5/5
   818 | D:3      | Learned a level 2 spell: Blink
   904 | D:3      | Noticed a phantom
   906 | D:3      | Found a radiant altar of Vehumet.
   914 | D:3      | Killed a phantom
   915 | D:3      | Reached skill level 6 in Unarmed Combat
   915 | D:3      | Reached XP level 5. HP: 27/40 MP: 6/6
   936 | D:3      | Reached skill level 7 in Unarmed Combat
  1268 | D:4      | Reached XP level 6. HP: 6/47 MP: 7/7
  1274 | D:4      | HP: 1/70 [something/magic dart (7)]
  1398 | D:5      | Entered Level 5 of the Dungeon
  1405 | D:5      | Reached skill level 8 in Unarmed Combat
  1418 | D:5      | Noticed mdonais's ghost (novice OpSh)
  1424 | D:5      | Found a runed translucent gate.
  1424 | D:5      | Found a runed translucent gate.
  1424 | D:5      | Found a runed translucent gate.
  1446 | D:5      | Identified the +6 whip "Zuynet" {flame, rPois rN+++ Str-2
                  | Dex+2}
  1537 | D:5      | Found a glowing golden altar of the Shining One.
  1610 | D:5      | Reached XP level 7. HP: 37/52 MP: 8/8
  1613 | D:5      | Noticed Eustachio
  1633 | D:5      | HP: 1/52 [ufetubus[Eustachio] (3)]
  1634 | D:5      | Reached skill level 9 in Unarmed Combat
  1634 | D:5      | Slain by an ufetubus

Illustrated notes

Levels and vault maps discovered:
D:1:      scummos_arrival_simple_fountains, layout_loops_ring,
          nicolae_grassy_gnolls
D:2:      layout_loops_corners
D:3:      layout_rooms, fedhas_altar_4, lemuel_tele_altar
D:4:      layout_layer_cave, portal_sewer_entry_f
D:5:      layout_cave_pools, lemuel_round_altar,
          minmay_temple_entry_proselytizer, gammafunk_ghost_split,
          uniq_eustachio

Skill      XL: |  1  2  3  4  5  6  7 |
---------------+----------------------+-----
Unarmed Combat | 4 5 6 7 8 9 |  9.0
Fighting       | |  1.1
Dodging        | |  2.4
Shapeshifting  | |  3.6

Action                     |  1- 3 |  4- 6 |  7- 9 || total
---------------------------+-------+-------+-------++-------
  Melee: Unarmed           |    33 |    92 |    14 ||   139
         Punch             |     2 |       |       ||     2
  Evoke: Wand              |       |       |     2 ||     2
    Use: Potion            |       |     1 |       ||     1
 Armour: Ring mail         |    11 |    15 |    15 ||    41
         Skin              |       |     4 |       ||     4
  Dodge: Dodged            |    11 |    19 |    25 ||    55
  Block: Buckler           |       |    16 |     9 ||    25

Table legend: (Time is in decaauts)
 A = Elapsed time spent in this place.
 B = Non-inter-level travel time spent in this place.
 C = Inter-level travel time spent in this place.
 D = Time resting spent in this place.
 E = Time spent auto-exploring this place.
 F = Levels seen in this place.
 G = Mean time per level.
                   A        B        C        D        E       F      G
               +--------+--------+--------+--------+--------+-----+--------+
         Total |   1620 |   1559 |     61 |     28 |   1121 |   5 |  324.0 |
       Dungeon |   1620 |   1559 |     61 |     28 |   1121 |   5 |  324.0 |
               +--------+--------+--------+--------+--------+-----+--------+

Top non-repeatable levels by time:
     D:1: 404 daAuts
     D:4: 384 daAuts
     D:2: 383 daAuts
     D:5: 231 daAuts
     D:3: 217 daAuts
